AoeStats
← f_buldo

African Clearing

513294167Analyzed
2v2 RM · 1mo ago on Oct 13, 2026· 82m 45s· 4 players
Game mode
Random Map
Map size
Medium (4 player)
Population
200
Speed
Normal
Resources
Standard
Victory
Conquest
Starting age
Dark Age
Ending age
Imperial Age
RankedLock teamsTeams togetherTeam positionsShared explorationLock speedFull tech treeHidden civsTurbo modeCheats
Victory
Defeat
🇨🇱 Georgians · Chile
1000
+18
🇨🇱 Koreans · Chile
948
+20
vs
🇨🇴 Saracens · Colombia
1059
-20
🇦🇷 Cumans · Argentina
1023
-18
f_buldo
13:10 Feudal Age
11:51 Loom
14:09 Double-Bit Axe
19:54 Fletching
27:08 Castle Age
29:09 Bloodlines
35:50 Bodkin Arrow
36:02 Scale Barding Armor
58:38 Wheelbarrow
63:03 Light Cavalry
68:45 Imperial Age
68:02 Chain Barding Armor
67:53 Forging
70:41 Plate Barding Armor
70:42 Iron Casting
72:50 Padded Archer Armor
72:20 Elite Skirmisher
72:26 Hussar
78:33 Pikeman
79:28 Halberdier
archarry86
5:35 Loom
16:34 Feudal Age
17:07 Double-Bit Axe
17:36 Horse Collar
20:23 Wheelbarrow
20:44 Man-at-Arms
23:33 Castle Age
22:07 Scale Barding Armor
22:13 Forging
22:34 Gold Mining
23:44 Stone Mining
24:38 Bow Saw
29:55 Fletching
30:32 Town Watch
30:49 Husbandry
30:59 Bloodlines
33:33 Bloodlines
34:08 Crossbowman
35:44 Bodkin Arrow
48:03 Imperial Age
45:38 Elite Skirmisher
48:11 Heavy Camel Rider
49:13 Chain Barding Armor
49:28 Iron Casting
50:58 Chemistry
50:19 Ballistics
52:03 Conscription
54:48 Plate Barding Armor
55:13 Blast Furnace
54:04 Light Cavalry
54:59 Siege Engineers
57:13 Blast Furnace
59:32 Masonry
71:28 Murder Holes
72:27 Counterweights
76:58 Hand Cart
77:01 Bracer
meier961
3:43 Loom
15:21 Feudal Age
17:01 Wheelbarrow
23:29 Castle Age
23:30 Fletching
26:05 Double-Bit Axe
25:45 Crossbowman
26:31 Thumb Ring
32:26 Hand Cart
34:33 Squires
34:19 Arson
36:35 Scale Mail Armor
36:32 Bodkin Arrow
48:51 Treadmill Crane
51:53 Eupseong
52:22 Forging
64:49 Pikeman
67:12 Horse Collar
72:01 Imperial Age
70:57 Chain Mail Armor
71:18 Iron Casting
74:01 Halberdier
75:45 Town Watch
76:31 Heavy Plow
78:08 Chemistry
78:54 Arrowslits
79:48 Bow Saw
79:35 Gold Mining
79:36 Stone Mining
81:31 Plate Mail Armor
80:48 Light Cavalry
81:28 Husbandry
81:52 Scale Barding Armor
82:39 Hussar
AIM | Miq
5:51 Loom
13:46 Feudal Age
14:25 Double-Bit Axe
16:39 Fletching
25:46 Castle Age
24:01 Padded Archer Armor
26:15 Crossbowman
26:53 Bodkin Arrow
28:53 Wheelbarrow
33:27 Leather Archer Armor
35:32 Treadmill Crane
36:09 Pikeman
36:48 Guard Tower
37:07 Svan Towers
37:49 Town Watch
38:19 Masonry
41:56 Bow Saw
41:43 Gold Mining
41:43 Stone Mining
42:32 Scale Barding Armor
42:40 Bloodlines
46:13 Horse Collar
50:50 Imperial Age
48:42 Ballistics
48:44 Forging
49:20 Stone Mining
50:18 Murder Holes
52:06 Conscription
52:02 Heavy Plow
52:41 Hand Cart
54:16 Chemistry
53:03 Arrowslits
53:20 Light Cavalry
54:00 Husbandry
55:35 Crop Rotation
55:45 Stone Shaft Mining
56:08 Chain Barding Armor
56:44 Elite Monaspa
56:54 Hussar
58:52 Keep
59:36 Plate Barding Armor
60:30 Architecture
60:58 Bracer
62:17 Aznauri Cavalry
62:58 Scale Mail Armor
67:05 Iron Casting
66:45 Chain Mail Armor
66:36 Halberdier
67:16 Squires
67:02 Arson
69:21 Town Patrol
70:31 Blast Furnace
69:42 Siege Engineers
73:27 Plate Mail Armor
74:33 Parthian Tactics
73:29 Heavy Cavalry Archer
78:54 Cavalier
79:54 Fortified Wall
Connection lost

Rejoining the realm…

Still unreachable

The connection could not be restored.

Session expired

The server has moved on; the page needs a fresh start.